SL
ATHLETIC CLUB KC @ CAPITAL DISTRICT RED KNIGHTS
08/18/2021
 
TOP OF THE 1ST
Athletic Club KC batting - Pitching for Capital District Red Knights : RHP César Rivera
Pitching: RHP César Rivera
Batting: RHB Jorge Trevino 0-0: Foul Ball, location: 2F
0-1: Ball
1-1: Ground out 5-3 (Groundball, 5L)
Batting: SHB David Henderson 0-0: Called Strike
0-1: Ball
1-1: Foul Ball, location: 2F
1-2: Ground out 3-1 (Groundball, 34)
Batting: LHB Emílio Sáenz 0-0: Ground out 2-3 (Groundball, 2L)
Top of the 1st over - 0 run(s), 0 hit(s), 0 error(s), 0 left on base; Athletic Club KC 0 - Capital District 0
BOTTOM OF THE 1ST
Capital District Red Knights batting - Pitching for Athletic Club KC : RHP Billy Crawford
Pitching: RHP Billy Crawford
Batting: RHB Louis Henderson 0-0: Called Strike
0-1: Ball
1-1: Swinging Strike
1-2: Ball
2-2: Strikes out looking
Batting: RHB Chang-bum Pak 0-0: Called Strike
0-1: Called Strike
0-2: Strikes out looking
Batting: LHB Leonardo López 0-0: Called Strike
0-1: Foul Ball, location: 2F
0-2: Ball
1-2: Ball
2-2: Foul Ball, location: 2F
2-2: Ball
3-2: Foul Ball, location: 2F
3-2: Foul Ball, location: 2F
3-2: Strikes out swinging
Bottom of the 1st over - 0 run(s), 0 hit(s), 0 error(s), 0 left on base; Athletic Club KC 0 - Capital District 0
TOP OF THE 2ND
Athletic Club KC batting - Pitching for Capital District Red Knights : RHP César Rivera
Batting: RHB José Rodríguez 0-0: Swinging Strike
0-1: Foul Ball, location: 2F
0-2: Ground out 1-3 (Groundball, 13S)
Batting: LHB Bob Davis 0-0: Ball
1-0: Ball
2-0: Ball
3-0: Called Strike
3-1: Base on Balls
Batting: RHB Ramón Souza 0-0: Ball
1-0: Grounds into double play, 6-4-3 (Groundball, 6M)
Top of the 2nd over - 0 run(s), 0 hit(s), 0 error(s), 0 left on base; Athletic Club KC 0 - Capital District 0
BOTTOM OF THE 2ND
Capital District Red Knights batting - Pitching for Athletic Club KC : RHP Billy Crawford
Batting: RHB Daniel Lallanilla 0-0: Ball
1-0: Ball
2-0: Ball
3-0: Called Strike
3-1: Swinging Strike
3-2: Foul Ball, location: 2F
3-2: Foul Ball, location: 2F
3-2: Base on Balls
Batting: LHB Stan Lewis 0-0: Called Strike
0-1: Swinging Strike
0-2: Strikes out swinging
Batting: RHB Manny Carbajal 0-0: Ball
1-0: Swinging Strike
1-1: Ground out 5-3 (Groundball, 56S)
Daniel Lallanilla to second
Batting: RHB Jorge Torrez 0-0: Ball
1-0: Called Strike
1-1: SINGLE (Groundball, 5D)
Daniel Lallanilla to third
Runner from 3rd tries for Home, SAFE, no throw or cutoff
Batting: RHB Martin Young 0-0: Called Strike
0-1: Ground out 6-3 (Groundball, 6)
Bottom of the 2nd over - 1 run(s), 1 hit(s), 0 error(s), 1 left on base; Athletic Club KC 0 - Capital District 1
TOP OF THE 3RD
Athletic Club KC batting - Pitching for Capital District Red Knights : RHP César Rivera
Batting: RHB Rick Atkinson 0-0: Ball
1-0: Ground out 6-3 (Groundball, 6M)
Batting: LHB Lawrence Washington 0-0: Foul Ball, location: 2F
0-1: Ball
1-1: Foul Ball, location: 2F
1-2: Ground out 3-1 (Groundball, 34)
Batting: RHB Bill Dennis 0-0: Ball
1-0: Foul Ball, location: 2F
1-1: Ground out 2-3 (Groundball, 2L)
Top of the 3rd over - 0 run(s), 0 hit(s), 0 error(s), 0 left on base; Athletic Club KC 0 - Capital District 1
BOTTOM OF THE 3RD
Capital District Red Knights batting - Pitching for Athletic Club KC : RHP Billy Crawford
Batting: RHB Lane Rich 0-0: Called Strike
0-1: Ball
1-1: Fly out, F4 (Popup, 34D)
Batting: RHB Louis Henderson 0-0: Ball
1-0: Ball
2-0: Ball
3-0: Called Strike
3-1: Foul Ball, location: 2F
3-2: SINGLE (Line Drive, 8RS)
Batting: RHB Chang-bum Pak 0-0: Called Strike
0-1: Ball
1-1: Ball
2-1: Ball
3-1: Foul Ball, location: 2F
3-2: Foul Ball, location: 2F
3-2: SINGLE (Groundball, 13S) (infield hit)
Louis Henderson to second
Batting: LHB Leonardo López 0-0: Called Strike
0-1: Foul Ball, location: 2F
0-2: Strikes out looking
Batting: RHB Daniel Lallanilla 0-0: SINGLE (Groundball, 6MD)
Louis Henderson to third
Chang-bum Pak to second
Runner from 3rd tries for Home, SAFE, no throw or cutoff
Batting: LHB Stan Lewis 0-0: Called Strike
0-1: Swinging Strike
0-2: Ball
1-2: Ball
2-2: Ball
3-2: Strikes out looking
Bottom of the 3rd over - 1 run(s), 3 hit(s), 0 error(s), 2 left on base; Athletic Club KC 0 - Capital District 2
TOP OF THE 4TH
Athletic Club KC batting - Pitching for Capital District Red Knights : RHP César Rivera
Batting: RHB Jorge Trevino 0-0: Called Strike
0-1: Ground out 6-3 (Groundball, 6)
Batting: SHB David Henderson 0-0: Ball
1-0: Ball
2-0: SINGLE (Line Drive, 8LS)
Batting: LHB Emílio Sáenz 0-0: SINGLE (Line Drive, 3D)
David Henderson to second
Batting: RHB José Rodríguez 0-0: Ball
1-0: Foul Ball, location: 2F
1-1: Ball
2-1: Ball
3-1: Swinging Strike
3-2: Base on Balls
David Henderson to third
Emílio Sáenz to second
Batting: LHB Bob Davis 0-0: Ball
1-0: SINGLE (Line Drive, 89S)
David Henderson scores
Emílio Sáenz to third
José Rodríguez to second
Runner from 3rd tries for Home, SAFE, throw made home
Now in RF: Dave Knight
Batting: RHB Ramón Souza 0-0: Ball
1-0: Called Strike
1-1: Grounds into double play, 4-6-3 (Groundball, 4)
Top of the 4th over - 2 run(s), 3 hit(s), 0 error(s), 1 left on base; Athletic Club KC 2 - Capital District 2
BOTTOM OF THE 4TH
Capital District Red Knights batting - Pitching for Athletic Club KC : RHP Billy Crawford
Batting: RHB Manny Carbajal 0-0: Ball
1-0: Foul Ball, location: 2F
1-1: Swinging Strike
1-2: Ground out 6-3 (Groundball, 6)
Batting: RHB Jorge Torrez 0-0: Ball
1-0: Fly out, F7 (Line Drive, 7M)
Batting: RHB Martin Young 0-0: Swinging Strike
0-1: SINGLE (Flyball, 9LM)
Batting: RHB Lane Rich 0-0: Ball
1-0: Ball
2-0: Called Strike
2-1: Called Strike
Martin Young steals 2nd base
2-2: Foul Ball, location: 2F
2-2: Ball
3-2: Ground out 5-3 (Groundball, 56)
Bottom of the 4th over - 0 run(s), 1 hit(s), 0 error(s), 1 left on base; Athletic Club KC 2 - Capital District 2
TOP OF THE 5TH
Athletic Club KC batting - Pitching for Capital District Red Knights : RHP César Rivera
Batting: RHB Rick Atkinson 0-0: Foul Ball, location: 2F
0-1: Foul Ball, location: 2F
0-2: Ball
1-2: Foul Ball, location: 2F
1-2: SINGLE (Line Drive, 8RS)
Batting: LHB Lawrence Washington 0-0: Ball
1-0: Ball
2-0: Bunted foul
2-1: Sac Bunt - play at first, batter OUT! 1-4
Rick Atkinson to second
Batting: RHB Bill Dennis 0-0: Ball
1-0: Called Strike
1-1: Foul Ball, location: 2F
1-2: Strikes out swinging
Batting: RHB Jorge Trevino 0-0: Ball
1-0: Ball
2-0: DOUBLE (Line Drive, 7LM)
Rick Atkinson scores
Batting: SHB David Henderson 0-0: Foul Ball, location: 2F
0-1: Foul Ball, location: 2F
0-2: SINGLE (Line Drive, 9LM)
Jorge Trevino to third
Batting: LHB Emílio Sáenz 0-0: Ball
1-0: Foul Ball, location: 2F
1-1: Ball
2-1: Foul Ball, location: 2F
2-2: Ball
3-2: Strikes out swinging
Top of the 5th over - 1 run(s), 3 hit(s), 0 error(s), 2 left on base; Athletic Club KC 3 - Capital District 2
BOTTOM OF THE 5TH
Capital District Red Knights batting - Pitching for Athletic Club KC : RHP Billy Crawford
Batting: LHB Dave Knight 0-0: Ball
1-0: Ball
2-0: Swinging Strike
2-1: Foul Ball, location: 2F
2-2: Foul Ball, location: 2F
2-2: Strikes out looking
Batting: RHB Chang-bum Pak 0-0: SINGLE (Groundball, 6MD)
Batting: LHB Leonardo López 0-0: Ball
1-0: Fly out, F9 (Flyball, 9D)
Batting: RHB Daniel Lallanilla 0-0: Ball
1-0: Ball
2-0: Ground out 6-3 (Groundball, 6)
Bottom of the 5th over - 0 run(s), 1 hit(s), 0 error(s), 1 left on base; Athletic Club KC 3 - Capital District 2
TOP OF THE 6TH
Athletic Club KC batting - Pitching for Capital District Red Knights : RHP César Rivera
Batting: RHB José Rodríguez 0-0: Foul Ball, location: 2F
0-1: Ball
1-1: Ball
2-1: Ball
3-1: Fly out, F9 (Flyball, 9LM)
Pitching: RHP Jack Carr
Batting: LHB Bob Davis 0-0: Called Strike
0-1: Ball
1-1: Swinging Strike
1-2: Foul Ball, location: 2F
1-2: Ball
2-2: Fly out, F8 (Flyball, 8LM)
Batting: RHB Ramón Souza 0-0: Called Strike
0-1: Reached on error, E5 (Groundball, 5S)
Batting: RHB Rick Atkinson 0-0: Hit by Pitch
Ramón Souza to second
Batting: LHB Lawrence Washington 0-0: Called Strike
0-1: Foul Ball, location: 2F
0-2: Ball
1-2: Ball
2-2: Foul Ball, location: 2F
2-2: Ground out 6-3 (Groundball, 6)
Top of the 6th over - 0 run(s), 0 hit(s), 1 error(s), 2 left on base; Athletic Club KC 3 - Capital District 2
BOTTOM OF THE 6TH
Capital District Red Knights batting - Pitching for Athletic Club KC : RHP Billy Crawford
Batting: LHB Stan Lewis 0-0: Ball
1-0: Foul Ball, location: 2F
1-1: Swinging Strike
1-2: Ball
2-2: Ground out U3 (Groundball, 3)
Batting: RHB Manny Carbajal 0-0: Called Strike
0-1: Ground out 4-3 (Groundball, 4)
Batting: RHB Jorge Torrez 0-0: Ball
1-0: Ball
2-0: Foul Ball, location: 2F
2-1: Foul Ball, location: 2F
2-2: Fly out, F7 (Flyball, 7LM)
Bottom of the 6th over - 0 run(s), 0 hit(s), 0 error(s), 0 left on base; Athletic Club KC 3 - Capital District 2
TOP OF THE 7TH
Athletic Club KC batting - Pitching for Capital District Red Knights : RHP Jack Carr
Batting: RHB Bill Dennis 0-0: Fly out, F3 (Popup, 3F)
Batting: RHB Jorge Trevino 0-0: Called Strike
0-1: Ball
1-1: Fly out, F8 (Line Drive, 8LXD)
Batting: SHB David Henderson 0-0: Ball
1-0: Foul Ball, location: 2F
1-1: Ball
2-1: Ball
3-1: Swinging Strike
3-2: SINGLE (Groundball, 3D)
Batting: LHB Emílio Sáenz 0-0: Called Strike
David Henderson steals 2nd base
0-1: Ball
1-1: Foul Ball, location: 2F
1-2: Ball
2-2: Ball
3-2: Base on Balls
Batting: RHB José Rodríguez 0-0: Ball
1-0: Foul Ball, location: 2F
1-1: SINGLE (Groundball, 13) (infield hit)
David Henderson to third
Emílio Sáenz to second
Batting: LHB Bob Davis 0-0: Ball
1-0: Ball
2-0: Ball
3-0: Foul Ball, location: 2F
3-1: Called Strike
3-2: Ground out 1-3 (Groundball, 15S)
Top of the 7th over - 0 run(s), 2 hit(s), 0 error(s), 3 left on base; Athletic Club KC 3 - Capital District 2
BOTTOM OF THE 7TH
Capital District Red Knights batting - Pitching for Athletic Club KC : RHP Billy Crawford
Batting: RHB Martin Young 0-0: Ball
1-0: Ball
2-0: Called Strike
2-1: Foul Ball, location: 2F
2-2: Strikes out swinging
Pitching: RHP Joong-geun Kim
Batting: RHB Lane Rich 0-0: Ball
1-0: Ball
2-0: Ball
3-0: Called Strike
3-1: Base on Balls
Batting: LHB Dave Knight 0-0: Ball
Lane Rich is caught stealing 2nd base
1-0: Swinging Strike
1-1: Foul Ball, location: 2F
1-2: SINGLE (Groundball, 34)
Batting: RHB Chang-bum Pak 0-0: Called Strike
0-1: Ball
1-1: Ground out 1-3 (Groundball, 15)
Bottom of the 7th over - 0 run(s), 1 hit(s), 0 error(s), 1 left on base; Athletic Club KC 3 - Capital District 2
TOP OF THE 8TH
Athletic Club KC batting - Pitching for Capital District Red Knights : RHP Jack Carr
Batting: RHB Ramón Souza 0-0: Ball
1-0: Ball
2-0: Foul Ball, location: 2F
2-1: Ball
3-1: Ground out 5-3 (Groundball, 5S)
Batting: RHB Rick Atkinson 0-0: Fly out, F6 (Popup, 5F)
Batting: LHB Lawrence Washington 0-0: Foul Ball, location: 2F
0-1: Ball
1-1: Ball
2-1: Ball
3-1: Called Strike
3-2: Ground out 4-3 (Groundball, 4)
Top of the 8th over - 0 run(s), 0 hit(s), 0 error(s), 0 left on base; Athletic Club KC 3 - Capital District 2
BOTTOM OF THE 8TH
Capital District Red Knights batting - Pitching for Athletic Club KC : RHP Joong-geun Kim
Batting: LHB Leonardo López 0-0: Called Strike
0-1: Called Strike
0-2: Ball
1-2: Ground out 4-3 (Groundball, 4)
Batting: RHB Daniel Lallanilla 0-0: Ball
1-0: Foul Ball, location: 2F
1-1: Foul Ball, location: 2F
1-2: Ball
2-2: Strikes out swinging
Batting: LHB Stan Lewis 0-0: Swinging Strike
0-1: Foul Ball, location: 2F
0-2: Ground out 4-3 (Groundball, 4M)
Bottom of the 8th over - 0 run(s), 0 hit(s), 0 error(s), 0 left on base; Athletic Club KC 3 - Capital District 2
TOP OF THE 9TH
Athletic Club KC batting - Pitching for Capital District Red Knights : RHP Jack Carr
Pitching: RHP Woody Cook
Batting: RHB Bill Dennis 0-0: Ball
1-0: Called Strike
1-1: Foul Ball, location: 2F
1-2: Ball
2-2: Foul Ball, location: 2F
2-2: Strikes out swinging
Batting: RHB Jorge Trevino 0-0: Called Strike
0-1: Foul Ball, location: 2F
0-2: Ball
1-2: Fly out, F8 (Popup, 6MD)
Batting: SHB David Henderson 0-0: SINGLE (Line Drive, 9LS)
Batting: LHB Emílio Sáenz Pickoff Throw to First - Out!
Top of the 9th over - 0 run(s), 1 hit(s), 0 error(s), 0 left on base; Athletic Club KC 3 - Capital District 2
BOTTOM OF THE 9TH
Capital District Red Knights batting - Pitching for Athletic Club KC : RHP Joong-geun Kim
Pitching: RHP Jeff Krause
Pinch Hitting: RHB Dong-joon Ch'oe 0-0: Ball
1-0: Ball
2-0: Called Strike
2-1: Ground out 4-3 (Groundball, 4M)
Pinch Hitting: RHB Barry Dempsey 0-0: Ball
1-0: Swinging Strike
1-1: Fly out, F8 (Flyball, 8RS)
Pinch Hitting: LHB Theodore Shaw 0-0: Fly out, F8 (Flyball, 8LXD)
Bottom of the 9th over - 0 run(s), 0 hit(s), 0 error(s), 0 left on base; Athletic Club KC 3 - Capital District 2
This league is powered by Out of the Park Baseball, the baseball management simulation game for PC, Mac and Linux
Friday, January 22nd, 2016 - OOTP Baseball 16.9 Build 39